[Event "Malmo Open 2021"]
[Site "Malmo Radhus, Stortorget 2, Malmo, Sweden"]
[Date "2021.12.19"]
[Round "7.7"]
[White "Olsen, Filip Boe"]
[Black "Walinder, Lars"]
[Result "1-0"]
[WhiteElo "2381"]
[BlackElo "2259"]
[ECO "E00"]
[TimeControl "15 minutes + 5 seconds per move from move one (Round 1 - 4) / 90 minutes + 30 seconds per move from move one (Round 5 - 8)"]
[WhiteTitle "IM"]
[WhiteFideId "1440640"]
[BlackFideId "1707329"]

1.d4 Nf6 2.c4 e6 3.Nf3 d5 4.g3 Bb4+ 5.Bd2 Bd6 6.Bg2 c6 7.O-O Nbd7 8.Nc3 
O-O 9.b3 Re8 10.Qc2 dxc4 11.bxc4 e5 12.e3 h6 13.Rad1 Bf8 14.Nxe5 Nxe5 15.
dxe5 Rxe5 16.Ne4 Nd7 17.Bc3 Re8 18.Nd6 Bxd6 19.Rxd6 Qe7 20.Rd4 Nc5 21.h4 
a5 22.Rb1 Be6 23.Qd1 Bf5 24.Rb2 Be4 25.f3 Bg6 26.e4 f5 27.Rd6 Bf7 28.Qd4 
Ne6 29.Qe5 Rad8 30.c5 fxe4 31.fxe4 Qf6 32.Qxf6 gxf6 33.Bxf6 Rb8 34.Rc2 Bg6
35.Rc4 Kf7 36.e5 Bb1 37.Rd7+ Kf8 38.a3 Ba2 39.Rc3 Bd5 40.Bxd5 cxd5 41.Rxd5
Rec8 42.g4 b5 43.Rd6 b4 44.axb4 axb4 45.Rc1 Rxc5 46.Rf1 b3 47.Rxe6 Rc4 48.
Bg5+ Kg8 49.Rg6+ Kh7 50.Rxh6+ Kg7 51.e6 b2 52.Rf7+ Kg8 53.Rg6+ 1-0

[Event "Malmo Open 2021"]
[Site "Malmo Radhus, Stortorget 2, Malmo, Sweden"]
[Date "2021.12.19"]
[Round "7.8"]
[White "Malmqvist, Glenn"]
[Black "Skytte, Rasmus"]
[Result "0-1"]
[WhiteElo "2157"]
[BlackElo "2377"]
[ECO "B15"]
[TimeControl "15 minutes + 5 seconds per move from move one (Round 1 - 4) / 90 minutes + 30 seconds per move from move one (Round 5 - 8)"]
[BlackTitle "IM"]
[WhiteFideId "1705750"]
[BlackFideId "1404210"]

1.e4 c6 2.d4 d5 3.Nc3 dxe4 4.Nxe4 Nf6 5.Nxf6+ exf6 6.c3 Bd6 7.Bd3 O-O 8.
Qc2 h6 9.Be3 Re8 10.Ne2 Qc7 11.O-O-O b5 12.Ng3 a5 13.Rhe1 Be6 14.Bf5 Nd7 
15.Bxe6 Rxe6 16.Bd2 Rae8 17.Rxe6 Rxe6 18.Re1 Bxg3 19.hxg3 Qd6 20.Qf5 Nb6 
21.Rxe6 fxe6 22.Qc5 Qxc5 23.dxc5 Nd5 24.c4 bxc4 25.Bxa5 Kf7 26.a4 Ke7 27.
Bb6 Kd7 28.a5 Kc8 29.a6 c3 30.bxc3 Nxc3 31.Kd2 Nd5 32.Ke2 Nb4 33.a7 Kb7 
34.Kf3 Nd5 35.Kg4 f5+ 36.Kf3 e5 37.Ke2 h5 38.Bd8 Kxa7 39.Kd3 Kb7 40.f3 Kc8
41.Bh4 Kd7 42.g4 hxg4 43.fxg4 Nf4+ 44.Kd2 Nxg2 45.Bf2 g6 46.Ke2 Nf4+ 47.
Kf3 Ke6 0-1

[Event "Malmo Open 2021"]
[Site "Malmo Radhus, Stortorget 2, Malmo, Sweden"]
[Date "2021.12.19"]
[Round "7.9"]
[White "Lindberg, Bengt"]
[Black "Hansen, Lars"]
[Result "1-0"]
[WhiteElo "2367"]
[BlackElo "2216"]
[ECO "C14"]
[TimeControl "15 minutes + 5 seconds per move from move one (Round 1 - 4) / 90 minutes + 30 seconds per move from move one (Round 5 - 8)"]
[WhiteTitle "IM"]
[WhiteFideId "1700359"]
[BlackFideId "1402528"]

1.e4 e6 2.d4 d5 3.Nc3 Nf6 4.Bg5 Be7 5.e5 Nfd7 6.Bxe7 Qxe7 7.f4 O-O 8.Nf3 
c5 9.Qd2 Nc6 10.dxc5 Nxc5 11.O-O-O a6 12.Bd3 b5 13.Kb1 b4 14.Ne2 a5 15.
Ned4 Nxd4 16.Nxd4 Ba6 17.Rhe1 Nxd3 18.cxd3 Qa7 19.Qe3 Rac8 20.f5 exf5 21.
Qf4 g6 22.h4 f6 23.exf6 Rxf6 24.g4 Qc7 25.Qg5 Qg7 26.gxf5 gxf5 27.Nxf5 
Qxg5 28.Ne7+ Kf7 29.hxg5 Rfc6 30.Nxc8 Rxc8 31.Re5 1-0

[Event "Malmo Open 2021"]
[Site "Malmo Radhus, Stortorget 2, Malmo, Sweden"]
[Date "2021.12.19"]
[Round "7.10"]
[White "Storme, Isak"]
[Black "Terochin, Piotr"]
[Result "1-0"]
[WhiteElo "2346"]
[BlackElo "1779"]
[ECO "B27"]
[TimeControl "15 minutes + 5 seconds per move from move one (Round 1 - 4) / 90 minutes + 30 seconds per move from move one (Round 5 - 8)"]
[WhiteTitle "FM"]
[WhiteFideId "1728113"]
[BlackFideId "1113682"]

1.e4 c5 2.Nf3 g6 3.c3 Bg7 4.d4 cxd4 5.cxd4 d6 6.h3 Nf6 7.Nc3 a6 8.Bd3 Nc6 
9.O-O O-O 10.Be3 Ne8 11.d5 Ne5 12.Nxe5 dxe5 13.Na4 f5 14.Nb6 Rb8 15.Qb3 
Nd6 16.f3 Bd7 17.a4 Kh8 18.Rac1 fxe4 19.fxe4 Rxf1+ 20.Kxf1 Nc8 21.Nxc8 
Rxc8 22.Qxb7 Rb8 23.Qxa6 Qf8+ 24.Kg1 Bh6 25.Qa7 Rxb2 26.Rf1 Bxe3+ 27.Qxe3 
Qb8 28.Qg5 Rb7 29.Qxe7 1-0

[Event "Malmo Open 2021"]
[Site "Malmo Radhus, Stortorget 2, Malmo, Sweden"]
[Date "2021.12.19"]
[Round "8.1"]
[White "Kucuksari, Kaan"]
[Black "Akesson, Ralf"]
[Result "0-1"]
[WhiteElo "2337"]
[BlackElo "2385"]
[ECO "E11"]
[TimeControl "15 minutes + 5 seconds per move from move one (Round 1 - 4) / 90 minutes + 30 seconds per move from move one (Round 5 - 8)"]
[WhiteTitle "FM"]
[BlackTitle "GM"]
[WhiteFideId "6380166"]
[BlackFideId "1700120"]

1.d4 Nf6 2.c4 e6 3.g3 d5 4.Nf3 Bb4+ 5.Bd2 Be7 6.Bg2 O-O 7.O-O c6 8.Qc2 
Nbd7 9.Rd1 b6 10.Bf4 Bb7 11.Ne5 Rc8 12.Qa4 a6 13.Nc3 b5 14.Qb3 Nxe5 15.
dxe5 Nd7 16.cxd5 cxd5 17.a3 Qb6 18.Rac1 Nc5 19.Qb4 Qd8 20.Nb1 a5 21.Qd4 
Nb3 22.Rxc8 Qxc8 23.Qd3 Qc4 24.Nc3 Nc5 25.Qxc4 bxc4 26.e4 dxe4 27.Rd4 Rd8 
28.Be3 Rxd4 29.Bxd4 Nb3 30.Be3 Bc5 31.Bxe4 Bxe3 32.fxe3 Ba6 33.Kf2 Nc5 34.
Kf3 h6 35.h4 Kf8 36.Kf4 Ke7 37.Bc2 Bb7 38.Na4 Nd7 39.Be4 g5+ 40.hxg5 hxg5+
41.Kxg5 Bxe4 42.Kf4 Bc2 43.Nc3 Nc5 44.e4 Nd3+ 45.Ke3 Nxe5 46.Kd4 f6 47.Kc5
a4 48.Kd4 Kd6 49.Nb5+ Kc6 50.Nc3 Bb3 51.Ne2 Nd3 52.Kc3 e5 53.g4 Nf2 54.Ng3
Nxg4 55.Nh5 Kd6 56.Ng7 Nf2 57.Nf5+ Kc5 58.Ng3 Nd1+ 59.Kd2 Nxb2 60.Nh5 Kd4 
61.Ng3 c3+ 62.Ke2 Be6 0-1

[Event "Malmo Open 2021"]
[Site "Malmo Radhus, Stortorget 2, Malmo, Sweden"]
[Date "2021.12.19"]
[Round "8.2"]
[White "Smith, Axel"]
[Black "Olsen, Filip Boe"]
[Result "1/2-1/2"]
[WhiteElo "2430"]
[BlackElo "2381"]
[ECO "E20"]
[TimeControl "15 minutes + 5 seconds per move from move one (Round 1 - 4) / 90 minutes + 30 seconds per move from move one (Round 5 - 8)"]
[WhiteTitle "GM"]
[BlackTitle "IM"]
[WhiteFideId "1707930"]
[BlackFideId "1440640"]

1.d4 Nf6 2.c4 e6 3.Nc3 Bb4 4.f3 c5 5.d5 b5 6.e4 O-O 7.e5 Ne8 8.f4 exd5 9.
cxd5 d6 10.Nf3 c4 11.a4 Nd7 12.Be2 Nc7 13.exd6 Bxd6 14.axb5 Nb6 15.O-O Re8
16.Ne5 Bb7 17.Nc6 Qf6 18.Bf3 Qf5 19.Qd4 Nd7 20.Qxc4 a6 21.g4 Qc2 22.Rf2 
axb5 23.Rxc2 bxc4 24.Rxa8 Bc5+ 25.Kg2 Rxa8 26.Ne4 Bf8 27.d6 Nb5 28.Rxc4 
Nb6 29.Rc5 Nxd6 30.Nxd6 Bxd6 31.Rb5 Bxc6 32.Rxb6 Bxf3+ 33.Kxf3 Bc5 34.Rb5 
Be7 35.f5 h6 36.Bf4 Bf6 37.Be5 Bxe5 38.Rxe5 Rb8 39.Re2 Rb4 40.Rg2 Kf8 41.
Ke3 Ke7 42.Kd3 Kd6 43.Kc3 Rf4 44.Rd2+ Kc5 45.h3 h5 46.Rd7 Rf3+ 47.Rd3 Rf4 
48.Rd7 Rf3+ 49.Kc2 Rxh3 50.gxh5 f6 51.Rxg7 Rxh5 52.Kc3 Rxf5 53.b4+ Kb5 54.
Rb7+ Kc6 55.Rb8 Rf1 56.b5+ Kc5 57.b6 Kc6 58.Kd4 Rb1 59.Rf8 Rxb6 60.Rxf6+ 
Kb7 61.Rxb6+ Kxb6 1/2-1/2

[Event "Malmo Open 2021"]
[Site "Malmo Radhus, Stortorget 2, Malmo, Sweden"]
[Date "2021.12.19"]
[Round "8.3"]
[White "Lindgren, Philip"]
[Black "Hillarp Persson, Tiger"]
[Result "1-0"]
[WhiteElo "2354"]
[BlackElo "2520"]
[ECO "E94"]
[TimeControl "15 minutes + 5 seconds per move from move one (Round 1 - 4) / 90 minutes + 30 seconds per move from move one (Round 5 - 8)"]
[WhiteTitle "IM"]
[BlackTitle "GM"]
[WhiteFideId "1713230"]
[BlackFideId "1700812"]

1.d4 Nf6 2.Nf3 g6 3.c4 Bg7 4.Nc3 O-O 5.e4 d6 6.Be2 e5 7.Be3 Na6 8.O-O c6 
9.d5 Ng4 10.Bg5 f6 11.Bc1 f5 12.Ng5 h5 13.exf5 gxf5 14.h3 Nf6 15.Bxh5 Nc7 
16.f4 e4 17.Be2 c5 18.Be3 Nh7 19.Nxh7 Kxh7 20.g4 Bxc3 21.bxc3 Rh8 22.g5 
Kg6 23.Kg2 Ne8 24.h4 Ng7 25.h5+ Nxh5 26.Rh1 Ng7 27.Rxh8 Qxh8 28.Qd2 Qd8 
29.Rh1 Qe7 30.Rh8 Kf7 31.Qe1 1-0

[Event "Malmo Open 2021"]
[Site "Malmo Radhus, Stortorget 2, Malmo, Sweden"]
[Date "2021.12.19"]
[Round "8.4"]
[White "Ask, Josef"]
[Black "Sivuk, Vitaly"]
[Result "0-1"]
[WhiteElo "2145"]
[BlackElo "2514"]
[ECO "B50"]
[TimeControl "15 minutes + 5 seconds per move from move one (Round 1 - 4) / 90 minutes + 30 seconds per move from move one (Round 5 - 8)"]
[WhiteTitle "FM"]
[BlackTitle "GM"]
[WhiteFideId "1704583"]
[BlackFideId "14116502"]

1.e4 c5 2.Nf3 d6 3.Bc4 Nf6 4.d3 e6 5.Bb3 Be7 6.O-O O-O 7.Re1 Nbd7 8.h3 b6 
9.Nbd2 Bb7 10.Nf1 Qc7 11.Ng3 Rad8 12.Qe2 Ne5 13.Nh2 b5 14.f4 Nc6 15.c3 
Rfe8 16.Bc2 Bf8 17.Be3 b4 18.Nf3 g6 19.d4 d5 20.e5 Nd7 21.Qf2 bxc3 22.bxc3
cxd4 23.Nxd4 Ba6 24.Ba4 Na5 25.Nge2 Nc4 26.Bc1 Rb8 27.Ng3 Ncb6 28.Bc6 Bc5 
29.Bxd7 Qxd7 30.Kh1 Na4 31.Qf3 Bf8 32.Re3 Rbc8 33.Rb1 Qd8 34.Bd2 Nb6 35.
Ree1 Nc4 36.Bc1 Qh4 37.Kh2 Bg7 38.Rb3 Kh8 39.Rb4 Nb6 40.Bd2 Rc4 41.Rxc4 
Nxc4 42.Bc1 Rc8 43.Rd1 Qd8 44.Nb3 Qc7 45.Ne2 Nb6 46.Bd2 Qc4 47.Ned4 Qa4 
48.Ra1 Bc4 49.Qf2 Kg8 50.Be1 Bd3 51.Qe3 Be4 52.Qf2 Nc4 53.Qe2 Qd7 54.Nd2 
Nxd2 55.Qxd2 Qb7 56.Bf2 Qb8 57.Rc1 g5 58.g3 Rc4 59.Nb3 gxf4 60.gxf4 f6 61.
exf6 Bxf6 62.Rg1+ Kf7 63.Bd4 e5 64.fxe5 Bxe5+ 65.Bxe5 Qxe5+ 66.Rg3 Ke8 67.
Nd4 Rc7 68.Qe3 Rb7 69.Nb3 Rf7 70.Kg1 Rg7 71.Kh2 h5 72.h4 Rg4 73.Kh3 Qf5 
74.Nd2 Rf4+ 75.Kh2 Rxh4+ 0-1

[Event "Malmo Open 2021"]
[Site "Malmo Radhus, Stortorget 2, Malmo, Sweden"]
[Date "2021.12.19"]
[Round "8.5"]
[White "Seo, Jung Min"]
[Black "Lindberg, Bengt"]
[Result "1-0"]
[WhiteElo "2459"]
[BlackElo "2367"]
[ECO "E15"]
[TimeControl "15 minutes + 5 seconds per move from move one (Round 1 - 4) / 90 minutes + 30 seconds per move from move one (Round 5 - 8)"]
[WhiteTitle "IM"]
[BlackTitle "IM"]
[WhiteFideId "1734687"]
[BlackFideId "1700359"]

1.d4 Nf6 2.c4 e6 3.Nf3 b6 4.g3 Ba6 5.b3 Bb4+ 6.Bd2 Be7 7.Bg2 d5 8.Ne5 O-O 
9.O-O Bb7 10.Nc3 Nbd7 11.Bf4 c5 12.cxd5 exd5 13.Rc1 Re8 14.Nxd7 Qxd7 15.
dxc5 bxc5 16.Bg5 d4 17.Bxb7 Qxb7 18.Bxf6 Bxf6 19.Na4 Qe7 20.Rc2 Rac8 21.
Qd3 Rc6 22.Qb5 Re6 23.Re1 h5 24.Nxc5 Re5 25.b4 h4 26.Qd3 hxg3 27.hxg3 a5 
28.a3 axb4 29.axb4 Qa7 30.Qf3 Be7 31.Rec1 g6 32.Nd3 Re6 33.Rc7 Qa2 34.R1c2
Qa1+ 35.Kg2 Kg7 36.Rc8 Rxc8 37.Rxc8 Qb1 38.Qa8 Bd6 39.Rg8+ Kh7 40.Rh8+ Kg7
41.Qg8+ Kf6 42.Rh7 Re7 43.Qg7+ Ke6 44.Qxd4 Qa2 45.e4 Qa8 46.Nc5+ Bxc5 47.
bxc5 Rd7 48.Qc4+ Kf6 49.c6 Re7 50.Qd4+ Ke6 51.Qd5+ Kf6 52.Qd6+ 1-0

[Event "Malmo Open 2021"]
[Site "Malmo Radhus, Stortorget 2, Malmo, Sweden"]
[Date "2021.12.19"]
[Round "8.6"]
[White "Skytte, Rasmus"]
[Black "Hector, Jonny"]
[Result "1/2-1/2"]
[WhiteElo "2377"]
[BlackElo "2439"]
[ECO "D02"]
[TimeControl "15 minutes + 5 seconds per move from move one (Round 1 - 4) / 90 minutes + 30 seconds per move from move one (Round 5 - 8)"]
[WhiteTitle "IM"]
[BlackTitle "GM"]
[WhiteFideId "1404210"]
[BlackFideId "1700090"]

1.d4 d5 2.Nf3 Nf6 3.Bf4 c5 4.e3 Nc6 5.Nbd2 cxd4 6.exd4 Bf5 7.c3 e6 8.Qb3 
Bd6 9.Qxb7 Bxf4 10.Qxc6+ Kf8 11.Ne5 Rb8 12.Qc5+ Kg8 13.Nb3 Nd7 14.Qxa7 
Nxe5 15.dxe5 g5 16.Qd4 Qc7 17.Bd3 Bxe5 18.Qe3 Bg6 19.g3 Bxc3+ 20.bxc3 
Qxc3+ 21.Ke2 Rxb3 22.axb3 Bh5+ 23.f3 Qb2+ 24.Bc2 Qxc2+ 25.Kf1 h6 26.h4 Qf5
27.Kg2 g4 28.fxg4 Bxg4 29.Ra8+ Kg7 30.Rxh8 Qc2+ 31.Kg1 Qd1+ 32.Kh2 Qc2+ 
33.Kg1 Qd1+ 34.Kh2 Qc2+ 1/2-1/2

[Event "Malmo Open 2021"]
[Site "Malmo Radhus, Stortorget 2, Malmo, Sweden"]
[Date "2021.12.19"]
[Round "8.7"]
[White "Brynell, Stellan"]
[Black "Storme, Isak"]
[Result "1/2-1/2"]
[WhiteElo "2418"]
[BlackElo "2346"]
[ECO "D38"]
[TimeControl "15 minutes + 5 seconds per move from move one (Round 1 - 4) / 90 minutes + 30 seconds per move from move one (Round 5 - 8)"]
[WhiteTitle "GM"]
[BlackTitle "FM"]
[WhiteFideId "1700219"]
[BlackFideId "1728113"]

1.d4 Nf6 2.Nf3 d5 3.c4 e6 4.Nc3 Bb4 5.cxd5 exd5 6.Bg5 h6 7.Bh4 O-O 8.e3 
Bf5 9.Be2 Nbd7 10.Qb3 Qe7 11.O-O c6 12.a3 Bxc3 13.Bxf6 Nxf6 14.bxc3 c5 15.
dxc5 Rfc8 16.Nd4 Bg6 17.c4 dxc4 18.Qxc4 Rxc5 19.Qb4 Nd5 20.Qd2 Nc3 21.Bf3 
Rac8 22.a4 Be4 23.Bxe4 Qxe4 24.f3 Qe5 25.Rfe1 Rc4 26.a5 Nd5 27.Ra3 Nxe3 
28.Raxe3 Qxd4 29.Qxd4 Rxd4 30.Re8+ Rxe8 31.Rxe8+ Kh7 32.Re7 Ra4 33.Rxf7 
Rxa5 34.Rxb7 Ra2 35.h4 Ra4 36.h5 Ra5 37.Kf2 Rxh5 38.Rxa7 1/2-1/2

[Event "Malmo Open 2021"]
[Site "Malmo Radhus, Stortorget 2, Malmo, Sweden"]
[Date "2021.12.19"]
[Round "8.8"]
[White "Srinath, Rao S.V."]
[Black "Johnson, Daniel"]
[Result "1/2-1/2"]
[WhiteElo "2356"]
[BlackElo "2196"]
[ECO "D00"]
[TimeControl "15 minutes + 5 seconds per move from move one (Round 1 - 4) / 90 minutes + 30 seconds per move from move one (Round 5 - 8)"]
[WhiteTitle "IM"]
[WhiteFideId "5028876"]
[BlackFideId "1721283"]

1.d4 d5 2.Bf4 Nf6 3.Nc3 c5 4.e3 cxd4 5.exd4 a6 6.Bd3 Nc6 7.Nge2 Bg4 8.f3 
Bh5 9.g4 Bg6 10.h4 e6 11.h5 Bxd3 12.Qxd3 h6 13.O-O-O Bd6 14.Kb1 Bxf4 15.
Nxf4 Qc7 16.Qe3 O-O-O 17.Nd3 Kb8 18.Ne5 Ne8 19.Qf4 Nd6 20.Rhe1 Rhe8 21.
Nxc6+ Qxc6 22.Rd3 Rc8 23.Re2 1/2-1/2

[Event "Malmo Open 2021"]
[Site "Malmo Radhus, Stortorget 2, Malmo, Sweden"]
[Date "2021.12.19"]
[Round "8.9"]
[White "Jogstad, Martin"]
[Black "Nylen, Anders"]
[Result "1-0"]
[WhiteElo "2335"]
[BlackElo "2173"]
[ECO "D97"]
[TimeControl "15 minutes + 5 seconds per move from move one (Round 1 - 4) / 90 minutes + 30 seconds per move from move one (Round 5 - 8)"]
[WhiteTitle "FM"]
[WhiteFideId "1715364"]
[BlackFideId "1701207"]

1.d4 Nf6 2.Nf3 g6 3.c4 Bg7 4.Nc3 d5 5.Qb3 dxc4 6.Qxc4 O-O 7.e4 Na6 8.Be2 
c5 9.d5 e6 10.O-O exd5 11.exd5 Bf5 12.Bg5 h6 13.Bh4 g5 14.Bg3 Re8 15.Ne5 
Nd7 16.Nxd7 Qxd7 17.Rfe1 Rad8 18.Bf3 g4 19.Be4 Bxe4 20.Rxe4 Rxe4 21.Qxe4 
Bxc3 22.bxc3 Qxd5 23.Qxg4+ Qg5 24.Qe4 Qd5 25.Qg4+ Qg5 26.Qa4 Qd2 27.Qc4 
Qd5 28.Qe2 Qd2 29.Qf3 Qd5 30.Qxd5 Rxd5 31.Kf1 c4 32.Re1 Ra5 33.Re8+ Kg7 
34.Be5+ Kg6 35.g4 f6 36.Bd4 Nc5 37.h4 Nd3 38.Re7 b6 39.Re6 Rxa2 40.Rxf6+ 
Kh7 41.h5 Kg8 42.Kg2 b5 43.Rxh6 b4 44.cxb4 Nf4+ 45.Kf3 Ne2 46.Be5 c3 47.g5
c2 48.g6 Kf8 49.g7+ Kf7 50.Rg6 Kg8 51.h6 Ra3+ 52.Kxe2 c1=N+ 53.Kf1 Rh3 54.
Rc6 1-0

[Event "Malmo Open 2021"]
[Site "Malmo Radhus, Stortorget 2, Malmo, Sweden"]
[Date "2021.12.19"]
[Round "8.10"]
[White "Marttala, Thomas"]
[Black "Kistrup, Nicolai"]
[Result "1/2-1/2"]
[WhiteElo "2161"]
[BlackElo "2300"]
[ECO "C54"]
[TimeControl "15 minutes + 5 seconds per move from move one (Round 1 - 4) / 90 minutes + 30 seconds per move from move one (Round 5 - 8)"]
[BlackTitle "FM"]
[WhiteFideId "1701118"]
[BlackFideId "1444816"]

1.e4 e5 2.Nf3 Nc6 3.Bc4 Nf6 4.d3 Bc5 5.O-O O-O 6.c3 d6 7.a4 a5 8.Nbd2 Be6 
9.Re1 Bxc4 10.Nxc4 h6 11.h3 Re8 12.Be3 Bxe3 13.Nxe3 Qd7 14.Qb3 Nd8 15.Nh2 
Ne6 16.Nhg4 Nxg4 17.hxg4 Nc5 18.Qc2 g6 19.f3 Ne6 20.Red1 Nf4 21.g3 Ne6 22.
Kg2 Kg7 23.d4 Qe7 24.dxe5 dxe5 25.Nd5 Qg5 26.Qd2 Rad8 27.Qxg5 hxg5 28.Ne3 
f6 29.Rd5 c6 30.Rxd8 Rxd8 31.Nc4 b5 1/2-1/2